| TOP OF THE 1ST |
|
Denver Bears batting - Pitching for Evansville Triplets : RHP Pat Jones
|
|
Pitching: RHP Pat Jones
|
|
|
Batting: LHB Dallas Williams
|
0-0: Ball 1-0: Ball 2-0: Ball 3-0: Called Strike 3-1: Swinging Strike 3-2: SINGLE (Line Drive, 9LM, EV 106.3 MPH)
|
|
Batting: LHB Tom Beyers
|
0-0: Called Strike Dallas Williams steals 2nd base 0-1: Ball 1-1: Ball 2-1: SINGLE (Line Drive, 3D, EV 95.6 MPH) Dallas Williams to third
|
|
Batting: LHB Danny Heep
|
0-0: Ball 1-0: Foul Ball, location: 2F 1-1: Ball 2-1: Swinging Strike 2-2: Ball 3-2: Fly out, F9 (Flyball, 9, EV 85.6 MPH)
|
|
Batting: SHB Mark Gilbert
|
0-0: Ball 1-0: Called Strike 1-1: Ball 2-1: Foul Ball, location: 2F 2-2: Fly out, F8 (Flyball, 8RD, EV 99.4 MPH) Runner from 3rd tags up, SCORES, throw by CF
|
|
Batting: RHB Adolfo Feliz
|
0-0: Called Strike 0-1: Ball 1-1: Ground out 6-3 (Groundball, 6S, EV 86.3 MPH)
|
| Top of the 1st over - 1 run, 2 hits, 0 errors, 1 left on base; Denver 1 - Evansville 0 |
| BOTTOM OF THE 1ST |
|
Evansville Triplets batting - Pitching for Denver Bears : RHP George Stablein
|
|
Pitching: RHP George Stablein
|
|
|
Batting: LHB Greg Gross
|
0-0: Ball 1-0: Called Strike 1-1: Reached on error, E6 (Groundball, 6M, EV 105.0 MPH)
|
|
Batting: RHB Cory Mihalic
|
0-0: Ball Greg Gross is caught stealing 2nd base 2-4 1-0: Called Strike 1-1: Ball 2-1: Ball 3-1: Base on Balls
|
|
Batting: LHB Lloyd Moseby
|
0-0: Ball 1-0: Ball 2-0: SINGLE (Flyball, 4D, EV 91.3 MPH) Cory Mihalic to second
|
|
Batting: RHB Ron Kittle
|
0-0: Grounds into double play, 6-4-3 (Groundball, 6, EV 84.4 MPH)
|
| Bottom of the 1st over - 0 runs, 1 hit, 1 error, 1 left on base; Denver 1 - Evansville 0 |
| TOP OF THE 2ND |
|
Denver Bears batting - Pitching for Evansville Triplets : RHP Pat Jones
|
|
Batting: LHB Larry Donofrio
|
0-0: Called Strike 0-1: SINGLE (Line Drive, 8LS, EV 98.1 MPH)
|
|
Batting: RHB Juan Alvarez
|
0-0: Foul Ball, location: 2F 0-1: Ground out 5-3 (Groundball, 56S, EV 83.1 MPH) Larry Donofrio to second
|
|
Batting: RHB Victor Woods
|
0-0: Ground out 6-3 (Groundball, 6, EV 99.4 MPH)
|
|
Batting: RHB Glenn Hoffman
|
0-0: Ball 1-0: Swinging Strike 1-1: Ball 2-1: Called Strike 2-2: Foul Ball, location: 2F 2-2: SINGLE (Line Drive, 89S, EV 98.8 MPH) Larry Donofrio to third Runner from 3rd tries for Home, SAFE, throw by CF to home
|
|
Batting: LHB Dallas Williams
|
0-0: Ball 1-0: SINGLE (Groundball, 34S, EV 70.0 MPH) (infield hit) Glenn Hoffman to second
|
|
Batting: LHB Tom Beyers
|
0-0: Called Strike 0-1: DOUBLE (Line Drive, 78M, EV 98.8 MPH) Glenn Hoffman scores Dallas Williams to third Runner from 3rd tries for Home, SAFE, throw by CF to trailing runner, SAFE at third!
|
|
Batting: LHB Danny Heep
|
0-0: Called Strike 0-1: Ball 1-1: Ball 2-1: Foul Ball, location: 2F 2-2: Ball 3-2: Fly out, F5 (Line Drive, 5, EV 71.3 MPH)
|
| Top of the 2nd over - 3 runs, 4 hits, 0 errors, 1 left on base; Denver 4 - Evansville 0 |
| BOTTOM OF THE 2ND |
|
Evansville Triplets batting - Pitching for Denver Bears : RHP George Stablein
|
|
Batting: SHB Mickey Tettleton
|
0-0: Foul Ball, location: 2F 0-1: Foul Ball, location: 2F 0-2: Fly out, F7 (Flyball, 7LS, EV 87.5 MPH)
|
|
Batting: RHB Brook Jacoby
|
0-0: Foul Ball, location: 2F 0-1: Foul Ball, location: 2F 0-2: Ball 1-2: Foul Ball, location: 2F 1-2: Foul Ball, location: 2F 1-2: Ball 2-2: Ball 3-2: Reached on error, E8 (Flyball, 8RS, EV 78.1 MPH)
|
|
Batting: LHB Luis Alfaro
|
0-0: Ball 1-0: Swinging Strike Brook Jacoby is caught stealing 2nd base 2-6 1-1: Ball 2-1: Ground out 5-3 (Groundball, 5D, EV 83.1 MPH)
|
| Bottom of the 2nd over - 0 runs, 0 hits, 1 error, 0 left on base; Denver 4 - Evansville 0 |
| TOP OF THE 3RD |
|
Denver Bears batting - Pitching for Evansville Triplets : RHP Pat Jones
|
|
Batting: SHB Mark Gilbert
|
0-0: Ball 1-0: Ground out 4-3 (Groundball, 4, EV 106.9 MPH)
|
|
Batting: RHB Adolfo Feliz
|
0-0: Swinging Strike 0-1: Foul Ball, location: 2F 0-2: Ball 1-2: Foul Ball, location: 2F 1-2: Ball 2-2: Foul Ball, location: 2F 2-2: Ball 3-2: Strikes out looking
|
|
Batting: LHB Larry Donofrio
|
0-0: Ball 1-0: Ball 2-0: Foul Ball, location: 2F 2-1: Ball 3-1: Called Strike 3-2: Foul Ball, location: 2F 3-2: Foul Ball, location: 2F 3-2: DOUBLE (Line Drive, 8RD, EV 95.6 MPH)
|
|
Batting: RHB Juan Alvarez
|
0-0: Ground out 6-3 (Groundball, 6, EV 85.0 MPH)
|
| Top of the 3rd over - 0 runs, 1 hit, 0 errors, 1 left on base; Denver 4 - Evansville 0 |
| BOTTOM OF THE 3RD |
|
Evansville Triplets batting - Pitching for Denver Bears : RHP George Stablein
|
|
Batting: RHB Jaden Smith
|
0-0: Called Strike 0-1: Called Strike 0-2: Fly out, F6 (Popup, P, EV 75.0 MPH)
|
|
Batting: RHB Ed Jurak
|
0-0: Foul Ball, location: 2F 0-1: SINGLE (Groundball, 6M, EV 101.3 MPH)
|
|
Batting: LHB Greg Gross
|
0-0: SINGLE (Line Drive, 8LS, EV 105.0 MPH) Ed Jurak to second
|
|
Batting: RHB Cory Mihalic
|
0-0: Called Strike 0-1: Foul Ball, location: 2F 0-2: Strikes out swinging
|
|
Batting: LHB Lloyd Moseby
|
0-0: 3-RUN HOME RUN (Flyball, 9D, EV 96.9 MPH), Distance : 376 ft
|
|
Pitching: RHP Bob Stoddard
|
|
|
Batting: RHB Ron Kittle
|
0-0: Called Strike 0-1: Ball 1-1: Ball 2-1: Foul Ball, location: 2F 2-2: Ball 3-2: Ground out 6-3 (Groundball, 6, EV 91.9 MPH)
|
| Bottom of the 3rd over - 3 runs, 3 hits, 0 errors, 0 left on base; Denver 4 - Evansville 3 |
| TOP OF THE 4TH |
|
Denver Bears batting - Pitching for Evansville Triplets : RHP Pat Jones
|
|
Batting: RHB Victor Woods
|
0-0: Ball 1-0: Called Strike 1-1: Ball 2-1: Ball 3-1: Swinging Strike 3-2: Strikes out looking
|
|
Batting: RHB Glenn Hoffman
|
0-0: Called Strike 0-1: Ground out U3 (Groundball, 3S, EV 64.4 MPH)
|
|
Batting: LHB Dallas Williams
|
0-0: Called Strike 0-1: Foul Ball, location: 2F 0-2: Ground out U3 (Groundball, 3, EV 89.4 MPH)
|
| Top of the 4th over - 0 runs, 0 hits, 0 errors, 0 left on base; Denver 4 - Evansville 3 |
| BOTTOM OF THE 4TH |
|
Evansville Triplets batting - Pitching for Denver Bears : RHP Bob Stoddard
|
|
Batting: SHB Mickey Tettleton
|
0-0: Swinging Strike 0-1: Ground out 5-3 (Groundball, 5, EV 108.1 MPH)
|
|
Batting: RHB Brook Jacoby
|
0-0: Ball 1-0: Called Strike 1-1: Ball 2-1: Reached on error, E5 (Groundball, 56S, EV 81.9 MPH)
|
|
Batting: LHB Luis Alfaro
|
0-0: Called Strike 0-1: SINGLE (Groundball, 34D, EV 101.9 MPH) Brook Jacoby to second Brook Jacoby to third
|
|
Batting: RHB Jaden Smith
|
0-0: Called Strike 0-1: Foul Ball, location: 2F 0-2: Ball 1-2: 3-RUN HOME RUN (Flyball, 7D, EV 91.3 MPH), Distance : 372 ft
|
|
Batting: RHB Ed Jurak
|
0-0: Ball 1-0: Foul Ball, location: 2F 1-1: Ball 2-1: Ball 3-1: Base on Balls
|
|
Batting: LHB Greg Gross
|
0-0: Ball 1-0: Ball 2-0: SINGLE (Groundball, 34S, EV 79.4 MPH) (infield hit) Ed Jurak to second
|
|
Batting: RHB Cory Mihalic
|
0-0: Foul Ball, location: 2F 0-1: Foul Ball, location: 2F 0-2: Ball 1-2: Ball 2-2: Ball 3-2: Fly out, F8 (Flyball, 8LD, EV 98.8 MPH)
|
|
Batting: LHB Lloyd Moseby
|
0-0: Fly out, F8 (Flyball, 8LD, EV 81.3 MPH)
|
| Bottom of the 4th over - 3 runs, 3 hits, 1 error, 2 left on base; Denver 4 - Evansville 6 |
| TOP OF THE 5TH |
|
Denver Bears batting - Pitching for Evansville Triplets : RHP Pat Jones
|
|
Batting: LHB Tom Beyers
|
0-0: Called Strike 0-1: DOUBLE (Line Drive, 9LS, EV 105.6 MPH)
|
|
Batting: LHB Danny Heep
|
0-0: Ball 1-0: Foul Ball, location: 2F 1-1: Foul Ball, location: 2F 1-2: SINGLE (Groundball, 4MD, EV 101.9 MPH) Tom Beyers to third Runner from 3rd tries for Home, SAFE, throw by CF to home
|
|
Pitching: RHP Steve Mura
|
|
|
Batting: SHB Mark Gilbert
|
0-0: Called Strike Danny Heep is caught stealing 2nd base 2-6 0-1: Ball 1-1: Ball 2-1: Ball 3-1: Fly out, F7 (Flyball, 7LM, EV 108.1 MPH)
|
|
Batting: RHB Adolfo Feliz
|
0-0: Ball 1-0: Called Strike 1-1: Called Strike 1-2: Ball 2-2: Ground out 5-3 (Groundball, 5S, EV 65.0 MPH)
|
| Top of the 5th over - 1 run, 2 hits, 0 errors, 0 left on base; Denver 5 - Evansville 6 |
| BOTTOM OF THE 5TH |
|
Evansville Triplets batting - Pitching for Denver Bears : RHP Bob Stoddard
|
|
Batting: RHB Ron Kittle
|
0-0: Ball 1-0: Called Strike 1-1: Ball 2-1: Ball 3-1: Foul Ball, location: 2F 3-2: Strikes out swinging, 2-3 out at first.
|
|
Batting: SHB Mickey Tettleton
|
0-0: Fly out, F9 (Flyball, 89D, EV 101.9 MPH)
|
|
Batting: RHB Brook Jacoby
|
0-0: Ball 1-0: Foul Ball, location: 2F 1-1: Ball 2-1: Swinging Strike 2-2: Foul Ball, location: 2F 2-2: Foul Ball, location: 2F 2-2: Foul Ball, location: 2F 2-2: Foul Ball, location: 2F 2-2: Foul Ball, location: 2F 2-2: Foul Ball, location: 2F 2-2: Strikes out swinging
|
| Bottom of the 5th over - 0 runs, 0 hits, 0 errors, 0 left on base; Denver 5 - Evansville 6 |
| TOP OF THE 6TH |
|
Denver Bears batting - Pitching for Evansville Triplets : RHP Steve Mura
|
|
Batting: LHB Larry Donofrio
|
0-0: Ball 1-0: Ball 2-0: Swinging Strike 2-1: Swinging Strike 2-2: Strikes out swinging
|
|
Batting: RHB Juan Alvarez
|
0-0: Called Strike 0-1: Called Strike 0-2: Foul Ball, location: 2F 0-2: Ball 1-2: Ball 2-2: Ball 3-2: Ground out 5-3 (Groundball, 56S, EV 86.3 MPH)
|
|
Batting: RHB Victor Woods
|
0-0: Called Strike 0-1: Foul Ball, location: 2F 0-2: Strikes out looking
|
| Top of the 6th over - 0 runs, 0 hits, 0 errors, 0 left on base; Denver 5 - Evansville 6 |
| BOTTOM OF THE 6TH |
|
Evansville Triplets batting - Pitching for Denver Bears : RHP Bob Stoddard
|
|
Pitching: RHP Eric Show
|
|
|
Batting: LHB Luis Alfaro
|
0-0: Foul Ball, location: 2F 0-1: Ball 1-1: Ground out 4-3 (Groundball, 4, EV 103.1 MPH)
|
|
Batting: RHB Jaden Smith
|
0-0: Ground out 5-3 (Groundball, 56, EV 80.0 MPH)
|
|
Batting: RHB Ed Jurak
|
0-0: Swinging Strike 0-1: Ground out 6-3 (Groundball, 6, EV 78.8 MPH)
|
| Bottom of the 6th over - 0 runs, 0 hits, 0 errors, 0 left on base; Denver 5 - Evansville 6 |
| TOP OF THE 7TH |
|
Denver Bears batting - Pitching for Evansville Triplets : RHP Steve Mura
|
|
Batting: RHB Glenn Hoffman
|
0-0: Ball 1-0: Swinging Strike 1-1: Fly out, F2 (Popup, 2LF, EV 91.9 MPH)
|
|
Batting: LHB Dallas Williams
|
0-0: Ball 1-0: Ball 2-0: Fly out, F9 (Flyball, 9LS, EV 83.1 MPH)
|
|
Batting: LHB Tom Beyers
|
0-0: Ground out 4-3 (Groundball, 34S, EV 88.8 MPH)
|
| Top of the 7th over - 0 runs, 0 hits, 0 errors, 0 left on base; Denver 5 - Evansville 6 |
| BOTTOM OF THE 7TH |
|
Evansville Triplets batting - Pitching for Denver Bears : RHP Eric Show
|
|
Batting: LHB Greg Gross
|
0-0: Ball 1-0: SINGLE (Flyball, 89S, EV 93.1 MPH)
|
|
Batting: RHB Cory Mihalic
|
0-0: Bunted foul 0-1: Sac Bunt to 2R - play at first, batter OUT! 2-4 Greg Gross to second
|
|
Batting: LHB Lloyd Moseby
|
0-0: Intentional Walk
|
|
Batting: RHB Ron Kittle
|
0-0: Foul Ball, location: 2F 0-1: Ball 1-1: Called Strike 1-2: Ball 2-2: Foul Ball, location: 2F 2-2: Strikes out looking
|
|
Batting: SHB Mickey Tettleton
|
0-0: Foul Ball, location: 2F 0-1: Foul Ball, location: 2F 0-2: Ball 1-2: Ball 2-2: Ball 3-2: Base on Balls Greg Gross to third Lloyd Moseby to second
|
|
Batting: RHB Brook Jacoby
|
0-0: Ball 1-0: Ball 2-0: Ball 3-0: Base on Balls Greg Gross scores Lloyd Moseby to third Mickey Tettleton to second
|
|
Batting: LHB Luis Alfaro
|
0-0: Called Strike 0-1: Ball 1-1: Ball 2-1: Called Strike 2-2: Ball 3-2: Fly out, F7 (Flyball, 78M, EV 78.1 MPH)
|
| Bottom of the 7th over - 1 run, 1 hit, 0 errors, 3 left on base; Denver 5 - Evansville 7 |
| TOP OF THE 8TH |
|
Denver Bears batting - Pitching for Evansville Triplets : RHP Steve Mura
|
|
Pitching: LHP Randy Niemann
|
|
|
Batting: LHB Danny Heep
|
0-0: Swinging Strike 0-1: Ball 1-1: Ball 2-1: SINGLE (Groundball, 34D, EV 107.5 MPH)
|
|
Batting: SHB Mark Gilbert
|
0-0: Fielders Choice at 2nd, 1-6 (Groundball, 34S, EV 70.6 MPH)
|
|
Batting: RHB Adolfo Feliz
|
0-0: Foul Ball, location: 2F 0-1: Foul Ball, location: 2F 0-2: Ball 1-2: Ball 2-2: Foul Ball, location: 2F 2-2: Strikes out swinging
|
|
Batting: LHB Larry Donofrio
|
0-0: Called Strike 0-1: Ball 1-1: Fly out, F7 (Line Drive, 7, EV 90.6 MPH)
|
| Top of the 8th over - 0 runs, 1 hit, 0 errors, 1 left on base; Denver 5 - Evansville 7 |
| BOTTOM OF THE 8TH |
|
Evansville Triplets batting - Pitching for Denver Bears : RHP Eric Show
|
|
Batting: RHB Jaden Smith
|
0-0: Swinging Strike 0-1: Called Strike 0-2: Ball 1-2: Ball 2-2: Strikes out swinging
|
|
Batting: RHB Ed Jurak
|
0-0: SINGLE (Flyball, 3D, EV 91.3 MPH)
|
|
Batting: LHB Greg Gross
|
0-0: Ball 1-0: Swinging Strike Pickoff Throw by Catcher to First - Error! E2 Ed Jurak to second 1-1: Intentional Walk
|
|
Batting: RHB Cory Mihalic
|
0-0: Called Strike 0-1: Ball 1-1: Foul Ball, location: 2F 1-2: SINGLE (Line Drive, 8LS, EV 103.1 MPH) Ed Jurak to third Greg Gross to second Runner from 3rd tries for Home, SAFE, throw by CF to home
|
|
Batting: LHB Lloyd Moseby
|
0-0: Ball 1-0: Foul Ball, location: 2F 1-1: Foul Ball, location: 2F 1-2: Foul Ball, location: 2F 1-2: Ball 2-2: Foul Ball, location: 2F 2-2: Ball 3-2: SINGLE (Groundball, 13S, EV 68.1 MPH) (infield hit) Greg Gross to third Cory Mihalic to second
|
|
Pinch Runner at 1st Ed Putman:
|
|
|
Batting: RHB Ron Kittle
|
0-0: Ball 1-0: Grounds into fielders choice 4-2 (Groundball, 4, EV 80.6 MPH) Cory Mihalic to third Ed Putman to second
|
|
Batting: SHB Mickey Tettleton
|
0-0: Ball 1-0: Called Strike 1-1: Ball 2-1: GRAND SLAM HOME RUN (Flyball, 7D, EV 95.0 MPH), Distance : 381 ft
|
|
Pitching: RHP Doug Sisk
|
|
|
Batting: RHB Brook Jacoby
|
0-0: Ball 1-0: Swinging Strike 1-1: Ball 2-1: Fly out, F6 (Line Drive, 6, EV 68.8 MPH)
|
| Bottom of the 8th over - 5 runs, 4 hits, 1 error, 0 left on base; Denver 5 - Evansville 12 |
| TOP OF THE 9TH |
|
Denver Bears batting - Pitching for Evansville Triplets : LHP Randy Niemann
|
|
Now in LF: Mark M Corey
|
|
|
Batting: RHB Juan Alvarez
|
0-0: Fly out, F9 (Flyball, 89M, EV 93.1 MPH)
|
|
Batting: RHB Victor Woods
|
0-0: Ball 1-0: Ball 2-0: Called Strike 2-1: Swinging Strike 2-2: Foul Ball, location: 2F 2-2: Ball 3-2: Strikes out swinging
|
|
Batting: RHB Glenn Hoffman
|
0-0: Ball 1-0: Called Strike 1-1: Foul Ball, location: 2F 1-2: Ball 2-2: Foul Ball, location: 2F 2-2: Ball 3-2: Foul Ball, location: 2F 3-2: Fly out, F8 (Line Drive, 8RD, EV 98.8 MPH)
|
| Top of the 9th over - 0 runs, 0 hits, 0 errors, 0 left on base; Denver 5 - Evansville 12 |
|